 Dungeon Crawl Stone Soup version 0.22-a0-769-g178e55541d (webtiles) character file.

553 Marius the Poker (level 7, -9/60 HPs)
             Began as a Hill Orc Fighter on July 17, 2018.
             Was an Initiate of Elyvilon.
             Mangled by Menkaure (15 damage)
             ... on level 4 of the Dungeon.
             The game lasted 00:12:20 (3658 turns).

Marius the Poker (Hill Orc Fighter)                 Turns: 3658, Time: 00:12:21

Health: -9/60      AC:  9    Str: 20    XL:     7   Next: 29%
Magic:  7/7        EV:  5    Int:  9    God:    Elyvilon [......]
Gold:   128        SH:  9    Dex: 10    Spells: 6/6 levels left

rFire    . . .     SeeInvis .   a - +0 trident
rCold    . . .     Gourm    .   c - +0 shield
rNeg     . . .     Faith    .   v - +0 chain mail
rPois    .         Spirit   .   (no helmet)
rElec    .         Reflect  .   (no cloak)
rCorr    .         Harm     .   (no gloves)
MR       .....                  (no boots)
Stlth    ..........             (no amulet)
HPRegen  0.20/turn              (no ring)
MPRegen  0.10/turn              (no ring)

@: no status effects
A: no striking features
a: Renounce Religion


You were on level 4 of the Dungeon.
You worshipped Elyvilon.
Elyvilon was noncommittal.
You were not hungry.

You visited 1 branch of the dungeon, and saw 4 of its levels.

You collected 128 gold pieces.

Inventory:

Hand Weapons
 a - a +0 trident (weapon)
 h - a +1 short sword of protection
 p - a +1 flail of holy wrath
 y - a +0 club
 B - a +0 hand axe
 C - a +0 flail
Armour
 b - a +0 scale mail
 c - a +0 shield (worn)
 j - a +0 ring mail
 q - a +0 scale mail
 v - a +0 chain mail (worn)
Jewellery
 i - an uncursed amulet of harm
Wands
 z - a wand of acid (12)
Scrolls
 e - 7 scrolls of identify
 k - 2 scrolls of fog {unknown}
 l - 2 scrolls of remove curse {unknown}
 t - a scroll of enchant armour {unknown}
 x - a scroll of teleportation {unknown}
 A - a scroll of random uselessness {unknown}
Potions
 d - a potion of might
 g - 2 potions of degeneration {unknown}
 m - a potion of agility {unknown}
 n - 2 potions of flight {unknown}
 o - a potion of curing {unknown}
 r - a potion of ambrosia {unknown}
 s - a potion of cancellation {unknown}
 u - a potion of resistance {unknown}
 w - 2 potions of heal wounds {unknown}
Comestibles
 f - a ration


   Skills:
 + Level 4.7 Fighting
 * Level 6.6 Polearms
 + Level 4.3 Armour
 + Level 4.8 Shields


You had 6 spell levels left.
You didn't know any spells.
Your spell library was empty.

Dungeon Overview and Level Annotations

Branches:
Dungeon (4/15)
 Temple: D:4-7

Altars:
Cheibriados
Elyvilon
Fedhas
Hepliaklqana
Makhleb
Nemelex Xobeh
Okawaru
Uskayaw
Xom
Yredelemnul

Annotations:
D:3 2 transporters, shruggingcutely's ghost, amateur DECj
D:4 Menkaure


Message History

Menkaure hums a few words.
Menkaure gestures at you while chanting.
Pain shoots through your body!
Menkaure gestures wildly while chanting.
Menkaure seems to speed up.
Menkaure calls on the powers of darkness!
Your body is wracked with pain!
* * * LOW HITPOINT WARNING * * *
Menkaure calls on the powers of darkness!
Your body is wracked with pain!
* * * LOW HITPOINT WARNING * * *
Menkaure murmurs, "It doesn't hurt if you pull your brain out of your nose yourself."
You see here 14 bolts.
Menkaure breathes soot at you.
Menkaure calls on the powers of darkness!
Your body is wracked with pain!
* * * LOW HITPOINT WARNING * * *
Found a stone staircase leading down.
Menkaure hits you!
You die...

..### #.###.# M.# #...#.#
..# ###.#.## ..#####
##.#..# ......##
##...(.#### .......#
#.#.......#
..###..########.....##.#
................M...##.#
####.#..........@##.##.#
##..##.#####...#.##.#
##.##..>........##.#
######.##.#####..>####.###
............# ##.###.....#
.#####.##...# #.###.....##
#.##.................#
#.###........##......# #.#
#.####. #......#


You could see Menkaure.

Vanquished Creatures
  4 crimson imps (D:3)
  A centaur zombie (D:4)
  2 hounds (D:4)
  2 orc priests
  Terence (D:2)
  An orc wizard (D:4)
  3 worker ants
  6 adders
  An ooze (D:3)
  3 dart slugs
  A leopard gecko (D:1)
  15 orcs
  A ball python (D:2)
  5 giant cockroaches
  9 hobgoblins
  9 kobolds
  2 quokkas
  9 bats
  7 frilled lizards
  10 goblins
  5 rats
97 creatures vanquished.

Notes
Turn   | Place    | Note
-------+----------+-------------------------------------------
     0 | D:1      | Marius the Hill Orc Fighter began the quest for the Orb.
     0 | D:1      | Reached XP level 1. HP: 19/19 MP: 1/1
   144 | D:1      | Reached XP level 2. HP: 27/27 MP: 2/2
   470 | D:1      | Reached XP level 3. HP: 32/33 MP: 3/3
   635 | D:2      | Reached skill level 3 in Polearms
   668 | D:2      | Noticed Terence
   682 | D:2      | Killed Terence
   692 | D:2      | Reached XP level 4. HP: 16/40 MP: 4/4
  1210 | D:2      | Found a white marble altar of Elyvilon.
  1212 | D:2      | Found a sparkling altar of Nemelex Xobeh.
  1216 | D:2      | Found a snail-covered altar of Cheibriados.
  1216 | D:2      | Found a blossoming altar of Fedhas.
  1216 | D:2      | Found a hazy altar of Hepliaklqana.
  1216 | D:2      | Found a burning altar of Makhleb.
  1217 | D:2      | Found an iron altar of Okawaru.
  1218 | D:2      | Found a basalt altar of Yredelemnul.
  1219 | D:2      | Found a hide-covered altar of Uskayaw.
  1254 | D:2      | Became a worshipper of Elyvilon the Healer
  1331 | D:3      | Reached skill level 4 in Polearms
  1334 | D:3      | Found a transporter.
  1334 | D:3      | Noticed shruggingcutely's ghost (amateur DECj)
  1363 | D:3      | Found a transporter.
  1410 | D:3      | Reached XP level 5. HP: 45/46 MP: 5/5
  1718 | D:3      | Found a shimmering altar of Xom.
  1746 | D:3      | Reached skill level 5 in Polearms
  1746 | D:3      | Reached XP level 6. HP: 50/53 MP: 6/6
  2223 | D:4      | Reached skill level 6 in Polearms
  2571 | D:4      | Reached XP level 7. HP: 16/60 MP: 7/7
  3098 | D:4      | Noticed Menkaure
  3658 | D:4      | Mangled by Menkaure

Vault maps used:
D:1:      eino_arrival_cavern_c
D:2:      minitemple, kennysheep_generic_room_16, uniq_terence
D:3:      gammafunk_ghost_stat_death, led_xom_imps
D:4:      lightli_sewer_entry_pipes, nicolae_zen_rock_garden,
          kennysheep_decorative_pillar, uniq_menkaure

Skill      XL: |  1  2  3  4  5  6 |
---------------+-------------------+-----
Fighting       | 4 |  4.7
Polearms       | 3 4 5 6 |  6.6
Shields        | 4 |  4.8
Armour         | 4 |  4.3

Action                   |  1- 3 |  4- 6 |  7- 9 || total
-------------------------+-------+-------+-------++-------
Melee: Trident           |   117 |   266 |    29 ||   412
  Use: Scroll            |       |     1 |       ||     1
  Eat: Ration            |       |     2 |     1 ||     3
Armor: Scale mail        |    34 |    13 |       ||    47
       Chain mail        |       |    81 |    12 ||    93
Dodge: Dodged            |    39 |    46 |     7 ||    92
Block: Shield            |    61 |   104 |    13 ||   178

Table legend:
 A = Spawn XP
 B = Non-spawn XP
 C = Spawn XP percentage of total XP
 D = Spawn monster count
 E = Non-spawn monster count
 F = Spawn count percentage of total count
 G = Total turns spent on level
                    A         B        C        D         E        F      G
               +---------+---------+-------+---------+---------+-------+---------
         Total |       0 |     790 |   0.0 |       0 |      97 |   0.0 |  3658
               +---------+---------+-------+---------+---------+-------+---------
           D:1 |       0 |      34 |   0.0 |       0 |      22 |   0.0 |   623
           D:2 |       0 |      84 |   0.0 |       0 |      21 |   0.0 |   660
           D:3 |       0 |     384 |   0.0 |       0 |      42 |   0.0 |  1476
           D:4 |       0 |     288 |   0.0 |       0 |      12 |   0.0 |   899
               +---------+---------+-------+---------+---------+-------+---------
